 Dungeon Crawl Stone Soup version 0.29.0-11-gd7f09526c8 (webtiles) character file.

Game seed: 3853264554739680601

217 Destapler the Cudgeller (level 5, -3/52 HPs)
             Began as a Troll Berserker on Sept 3, 2022.
             Was a Believer of Trog.
             Slain by a gnoll
             ... wielding a +0 halberd
              (9 damage)
             ... on level 2 of the Dungeon.
             The game lasted 00:03:41 (2667 turns).

Destapler the Cudgeller (Troll Berserker)           Turns: 2667, Time: 00:03:41

Health: -3/52      AC:  5    Str: 27    XL:     5   Next: 61%
Magic:  4/4        EV: 10    Int:  3    God:    Trog [**....]
Gold:   163        SH:  0    Dex:  9    Spells: 4/4 levels left

rFire   . . .      SeeInvis .   m - +0 whip (vamp)
rCold   . . .      Faith    .   (no shield)
rNeg    . . .      Spirit   .   b - +0 animal skin
rPois   .          Reflect  .   (helmet restricted)
rElec   .          Harm     .   t - +0 cloak
rCorr   .          Rampage  .   (gloves unavailable)
Will    .....                   (boots unavailable)
Stlth   +.........              o - amulet of the acrobat
HPRegen 0.97/turn               (no ring)
MPRegen 0.09/turn               (no ring)

@: on berserk cooldown, slowed, very slow
A: large, unfitting armour, claws 3, regeneration 1, shaggy fur 1, tough skin 1
a: Renounce Religion, Berserk, Trog's Hand


You were on level 2 of the Dungeon.
You worshipped Trog.
Trog was pleased with you.
You visited 1 branch of the dungeon, and saw 4 of its levels.

You collected 163 gold pieces.

Inventory:

Hand Weapons
 a - a +0 mace
 m - a +0 vampiric whip (weapon)
Missiles
 f - 11 poisoned darts (quivered)
Armour
 b - a +0 animal skin (worn)
 t - a +0 cloak (worn)
Jewellery
 o - an amulet of the acrobat (around neck)
 q - a ring of fire
Scrolls
 c - a scroll of acquirement {unknown}
 d - 3 scrolls of identify {unknown}
 e - 3 scrolls of amnesia {unknown}
 j - a scroll of poison {unknown}
Potions
 g - a potion of curing {unknown}
 h - a potion of invisibility {unknown}
 i - a potion of magic {unknown}
 k - a potion of mutation {unknown}
 l - a potion of brilliance {unknown}
 n - a potion of heal wounds {unknown}
 p - 2 potions of cancellation {unknown}
 r - a potion of resistance {unknown}
 s - 2 potions of lignification {unknown}


   Skills:
 + Level 2.9 Fighting
 * Level 3.9 Maces & Flails
 + Level 1.5 Throwing
 + Level 3.0 Dodging
 + Level 1.5 Shields
 + Level 1.2 Evocations


You had 4 spell levels left.
You didn't know any spells.
Your spell library contained the following spells:

 Spells                   Type           Power      Damage    Failure   Level
 Petrify                  Tmut/Erth      0%         N/A       99%         4
 Blade Hands              Tmut           0%         N/A       100%        5
 Irradiate                Conj/Tmut      0%         3d11      100%        5
 Metabolic Englaciation   Hex/Ice        0%         N/A       100%        5
 Statue Form              Tmut/Erth      0%         N/A       100%        6
 Dragon Form              Tmut           0%         N/A       100%        7


Dungeon Overview and Level Annotations

Branches:
Dungeon (4/15)
 Temple: D:4-7

Altars:
Fedhas
Hepliaklqana
Qazlal
Uskayaw
Vehumet
Wu Jian

Shops:
D:2 (

Annotations:
D:4 2 runed translucent doors


Innate Abilities, Weirdness & Mutations

You are too large for most types of armour.
You have claws for hands.
Your natural rate of healing is unusually fast.
You are covered in fur. (AC +1)
You have tough skin. (AC +1)


Message History

The gnoll completely misses you.
You barely miss the gnoll. The gnoll hits you with a +0 halberd.
The gnoll barely misses you.
You hit the gnoll.
The gnoll is moderately wounded.
The gnoll barely misses you. The gnoll misses you.
You completely miss the gnoll.
The gnoll is moderately wounded.
The gnoll hits you with a +0 halberd. The gnoll closely misses you.
The gnoll misses you. The gnoll barely misses you.
You hit the gnoll but do no damage.
The gnoll is moderately wounded.
The gnoll barely misses you. The gnoll closely misses you.
You hit the gnoll but do no damage.
The gnoll is moderately wounded.
The gnoll hits you with a +0 halberd! The gnoll barely misses you.
You hit the gnoll.
The gnoll is moderately wounded.
The gnoll hits you with a +0 halberd. The gnoll hits you with a +0 halberd!
The gnoll hits you with a +0 halberd.
* * * LOW HITPOINT WARNING * * *
The gnoll misses you.
You barely miss the gnoll.
The gnoll is moderately wounded.
The gnoll hits you with a +0 halberd!
* * * LOW HITPOINT WARNING * * *
The gnoll closely misses you.
You barely miss the gnoll.
The gnoll is moderately wounded.
The gnoll barely misses you. The gnoll hits you with a +0 halberd!
* * * LOW HITPOINT WARNING * * *
You hit the gnoll.
The gnoll is almost dead.
The gnoll closely misses you. The gnoll hits you with a +0 halberd.
* * * LOW HITPOINT WARNING * * *
The gnoll closely misses you. The gnoll barely misses you.
You closely miss the gnoll.
The gnoll is almost dead.
The gnoll hits you with a +0 halberd!
You die...

# #.# #.. .....# # #.##
##..!## .#..# # #..###
##.....## .#..# ##.#.##
##.......## ...
####....####.........#
...
...........+.........+
#.#
####....####.........#
#.# #.#.## #...g...#
#.# ##.### #..@..#
#####.# #...## ##g..##
#.....# #....#
##)#########.#####
##....#####
#.#.......#.#
#.........#
#.#.#####.#.#
#.###.###.#####.#.#
#.#.# #.# #.#
#....#....#####.#.# #.#
#.###).....[........#.#
#.#
#........#.....###..#.#


You could see 2 gnolls.

Vanquished Creatures
  An orc priest (D:4)
  Natasha (D:3)
  An orc wizard (D:4)
  2 gnolls (D:2)
  4 adders
  2 worms (D:2)
  4 orcs (D:4)
  4 bats
  8 endoplasms
  3 giant cockroaches
  5 goblins
  8 hobgoblins
  7 jackals
  4 quokkas
  4 ball pythons
  3 frilled lizards
  5 kobolds
  6 rats
72 creatures vanquished.

Notes
Turn   | Place    | Note
-------+----------+-------------------------------------------
     0 | D:1      | Destapler the Troll Berserker began the quest for the Orb.
     0 | D:1      | Reached XP level 1. HP: 22/22 MP: 0/0
    91 | D:1      | Found a faded altar of an unknown god.
   217 | D:1      | Reached XP level 2. HP: 17/29 MP: 1/1
  1039 | D:2      | Found Naisko Seaj's Weapon Shop.
  1051 | D:2      | Reached XP level 3. HP: 36/36 MP: 2/2
  1115 | D:2      | Reached ** piety under Trog
  1161 | D:2      | You fall into a shaft and drop 2 floors!
  1279 | D:4      | Reached skill level 1 in Throwing
  1279 | D:4      | Reached XP level 4. HP: 41/44 MP: 3/3
  1282 | D:4      | Reached skill level 1 in Shields
  1359 | D:4      | Found a large runed translucent door.
  1359 | D:4      | Found a large runed translucent door.
  1371 | D:4      | Noticed a necrophage
  1407 | D:3      | Found a radiant altar of Vehumet.
  1437 | D:3      | Reached skill level 1 in Evocations
  1470 | D:3      | Reached XP level 5. HP: 41/52 MP: 4/4
  1578 | D:3      | Found a hide-covered altar of Uskayaw.
  1578 | D:3      | Found a hazy altar of Hepliaklqana.
  1700 | D:3      | Found a stormy altar of Qazlal.
  1727 | D:3      | Found a blossoming altar of Fedhas.
  1811 | D:3      | Noticed Natasha
  1823 | D:3      | Killed Natasha
  2021 | D:3      | Found an ornate altar of the Wu Jian Council.
  2667 | D:2      | Slain by a gnoll

Illustrated notes

Levels and vault maps discovered:
D:1:      matt_arrival_spirals, layout_basic,
          ebering_ecumenical_altar_sacrificial
D:2:      layout_loops_corners, serial_shops, shop
D:3:      layout_basic, grunt_temple_overflow_forces_of_nature,
          nzn_wu_jian_council_hall, nicolae_vehumet_radiance,
          amethyst_overflow_temple_binary, uniq_natasha
D:4:      due_chaos_kobolds, layout_basic, okawaru_gym_becter

Skill      XL: |  1  2  3  4  5 |
---------------+----------------+-----
Maces & Flails | 3 |  3.9
Throwing       | 1 |  1.5
Shields        | 1 |  1.5
Evocations     | 1 |  1.2
Dodging        | 3 |  3.0
Fighting       | |  2.9

Action                   |  1- 3 |  4- 6 || total
-------------------------+-------+-------++-------
Melee: Mace              |   114 |    18 ||   132
       Punch             |     1 |       ||     1
       Whip              |       |   132 ||   132
       Unarmed           |       |     4 ||     4
Invok: Berserk           |     2 |     2 ||     4
       Trog's Hand       |     1 |       ||     1
 Stab: Sleeping          |     1 |     1 ||     2
Armor: Animal skin       |    65 |    46 ||   111
       Skin              |       |     1 ||     1
Dodge: Dodged            |    66 |   104 ||   170
